 Dungeon Crawl Stone Soup version 0.28-a0-683-ga8797d1ae1 (webtiles) character file.

Game seed: 14873008386131255596

1325 ytrimaz the Nimble (level 8, -1/49 (62) HPs)
             Began as a Demigod Transmuter on Oct 18, 2021.
             Slain by a wight (3 damage)
             ... on level 6 of the Dungeon.
             The game lasted 00:24:00 (8452 turns).

ytrimaz the Nimble (Demigod Transmuter)             Turns: 8452, Time: 00:24:00

HP:   -1/49 (62)    AC:  6    Str: 11    XL:     8   Next: 12%
MP:   15/17         EV: 17    Int: 23    God:
Gold: 227           SH:  0    Dex: 14    Spells: 6/14 levels left

rFire   x . .      SeeInvis .     - Unarmed
rCold   + + +      Faith    .   (shield currently unavailable)
rNeg    . . .      Spirit   .   (armour currently unavailable)
rPois   +          Reflect  .   (helmet currently unavailable)
rElec   .          Harm     .   (cloak currently unavailable)
rCorr   +          Rampage  .   (gloves currently unavailable)
Will    .....                   (boots currently unavailable)
Stlth   +.........              g - amulet of regeneration
HPRegen 1.16/turn               c - ring of resist corrosion
MPRegen 0.15/turn               l - +4 ring of evasion

@: ice-form, heavily drained
A: freezing attack, amphibious, boosted hp, large, high mp 1, forlorn, frail 1
a: End Transformation


You were on level 6 of the Dungeon.
You were a creature of crystalline ice.
You visited 1 branch of the dungeon, and saw 8 of its levels.
You also visited: Bailey.

You collected 227 gold pieces.

Inventory:

Hand Weapons
 o - the +10 spear of Zecwac Ozxi {vorpal, rN+ Will- Dex+5 SInv}
   (You found it on level 6 of the Dungeon)

   It inflicts extra damage upon your enemies.
   Dex:       It affects your dexterity (+5).
   rN:        It protects you from negative energy.
   SInv:      It lets you see invisible.
   Will:      It decreases your willpower.
Armour
 a - a +2 robe (melded)
 d - a +0 pair of gloves (melded)
Jewellery
 c - a ring of resist corrosion (left front paw)
 e - a ring of protection from fire
 g - an amulet of regeneration (around neck)
 l - a +4 ring of evasion (right front paw)
 n - a ring of flight
Scrolls
 b - 3 scrolls of amnesia
Potions
 f - a potion of curing
 h - a potion of invisibility {unknown}
 i - a potion of attraction {unknown}
 j - a potion of haste {unknown}
 k - a potion of might {unknown}
 m - a potion of magic {unknown}


   Skills:
 - Level 0.8 Fighting
 - Level 8.0 Dodging
 - Level 2.6 Unarmed Combat
 + Level 3.8 Spellcasting
 + Level 3.7 Transmutations
 - Level 0.6 Earth Magic


You had 6 spell levels left.
You knew the following spells:

 Your Spells              Type           Power      Damage    Failure   Level
a - Beastly Appendage     Tmut           42%        N/A       2%          1
b - Spider Form           Tmut/Pois      6%         N/A       16%         3
c - Ice Form              Ice/Tmut       12%        N/A       45%         4

Your spell library contained the following spells:

 Spells                   Type           Power      Damage    Failure   Level
 Wereblood                Tmut           21%        N/A       3%          2
 Animate Skeleton         Necr           8%         N/A       11%         1
 Apportation              Tloc           8%         N/A       11%         1
 Summon Small Mammal      Summ           16%        N/A       11%         1
 Ozocubu's Armour         Ice            4%         N/A       32%         3
 Ozocubu's Refrigeration  Ice            2%         4d5       100%        7


Dungeon Overview and Level Annotations

Branches:
Dungeon (8/15)             Temple (0/1) D:7          Bailey (visited)
   Lair: D:8-11

Shops:
D:3 ![*:


Innate Abilities, Weirdness & Mutations

You are a creature of crystalline ice.
You have a powerful freezing melee attack.
You are amphibious.
Your maximum health is increased.
Your armour is entirely melded.
You are incapable of wielding weapons or throwing items.
Your attributes grow dramatically as you level up.
You have an increased reservoir of magic. (+10% MP)
You shall have no god before yourself.
You are frail. (-10% HP)


Message History

The wight hits you from afar with a +0 trident!
You feel drained. The wight misses you.
You punch the wight!
You destroy the wight!
The wight misses you. The wight hits you with a +0 trident!
You feel drained.
Things that are here:
a +4 mace; a +0 robe You hit the wight.
The wight is moderately damaged.
The wight barely misses you.
You punch the wight!
The wight is severely damaged.
The wight hits you with a +0 trident.
You feel drained.
You punch the wight!
You destroy the wight!
A wight comes into view.
It is wielding a +3 long sword of freezing.
Things that are here:
a +0 trident; a +0 robe You hit the wight.
The wight is moderately damaged.
The wight completely misses you.
You hit the wight.
The wight is heavily damaged.
The wight hits you with a +3 long sword of freezing!
You feel drained.
You barely miss the wight.
The wight is heavily damaged.
The wight hits you with a +3 long sword of freezing!
* * * LOW HITPOINT WARNING * * *
You feel drained.
* * * LOW HITPOINT WARNING * * *
You hit the wight.
The wight is severely damaged.
You hit the wight but do no damage.
The wight is severely damaged.
The wight hits you with a +3 long sword of freezing!
* * * LOW HITPOINT WARNING * * *
You feel drained.
You die...

#.....##.......
#....)##.......
#####.....##.......
#...'.....##......<
#.###......'.......
#######.# #.....##.....†.
.......)# #....###.......
#######)####+#.######'###
........Yz...............
#######.#####............
#.# #.##########. ... #.
######. .... ###......
.....# ......... .......
##...... ....###. ######.
#.##########.


You could see a wight.

Vanquished Creatures
  Duvessa (D:4)
  A black bear (D:6)
  2 ogres
  2 scorpions (D:5)
  Dowan (D:4)
  2 wights (D:6)
  A howler monkey (D:4)
  A bullfrog zombie (D:5)
  2 centaur zombies
  A jelly (D:5)
  A bullfrog skeleton (D:7)
  5 hounds
  3 centaur skeletons
  3 orc wizards
  A killer bee zombie (D:7)
  3 gnolls (Bailey)
  4 adders
  A shadow imp (D:5)
  2 adder skeletons (D:4)
  3 worms
  A dart slug (D:1)
  11 orcs
  9 bats
  3 endoplasms
  2 giant cockroaches
  12 goblins
  4 hobgoblins
  5 quokkas
  4 ball pythons
  3 frilled lizards
  10 kobolds
  7 rats
111 creatures vanquished.

Notes
Turn   | Place    | Note
-------+----------+-------------------------------------------
     0 | D:1      | ytrimaz the Demigod Transmuter began the quest for the Orb.
     0 | D:1      | Reached XP level 1. HP: 15/15 MP: 5/5
   148 | D:1      | Reached skill level 2 in Dodging
   407 | D:1      | Reached XP level 2. HP: 22/22 MP: 5/7
  1147 | D:2      | Reached skill level 3 in Dodging
  1832 | D:2      | Reached XP level 3. HP: 27/27 MP: 8/8
  1845 | D:2      | Learned a level 3 spell: Spider Form
  2742 | D:3      | Found Copim's Assorted Antiques.
  2898 | D:3      | Found Eklaipp's Book Emporium.
  2944 | D:3      | Reached skill level 4 in Dodging
  3158 | D:3      | Found Gisinoto's Distillery.
  3221 | D:3      | Found Geluff's Armour Shop.
  3459 | D:3      | Reached XP level 4. HP: 34/34 MP: 6/9
  4397 | D:4      | Noticed Duvessa
  4397 | D:4      | Noticed Dowan
  4424 | D:4      | Killed Duvessa
  4425 | D:4      | Reached skill level 5 in Dodging
  4425 | D:4      | Reached XP level 5. HP: 6/39 MP: 8/10
  4914 | D:4      | Killed Dowan
  5331 | D:4      | Reached skill level 6 in Dodging
  5331 | D:4      | Reached XP level 6. HP: 41/46 MP: 8/11
  5945 | D:5      | Entered Level 5 of the Dungeon
  6496 | D:5      | Reached skill level 7 in Dodging
  6602 | D:5      | Reached XP level 7. HP: 50/51 MP: 8/12
  6768 | D:5      | You fall into a shaft and drop 3 floors!
  6825 | D:8      | Gained mutation: You are frail. (-10% HP) [mutagenic glow]
  6966 | D:7      | Found a staircase to the Ecumenical Temple.
  6982 | D:7      | Reached skill level 8 in Dodging
  7047 | D:7      | Found a flagged portal.
  7070 | Bailey   | Entered a bailey
  7852 | D:5      | Learned a level 4 spell: Ice Form
  8332 | D:6      | Identified the +10 spear of Zecwac Ozxi {vorpal, rN+ Will-
                  | Dex+5 SInv}
  8405 | D:6      | Reached XP level 8. HP: 50/52 MP: 12/16
  8452 | D:6      | HP: 2/50 [wight (7)]
  8452 | D:6      | Slain by a wight

Illustrated notes

Levels and vault maps discovered:
D:1:      dpeg_arrival_pits, layout_loops_corners,
          hellmonk_ecumenical_altar_crossroads
D:2:      layout_rooms
D:3:      layout_basic, mainiacjoe_overflow_large_starburst, serial_shops, shop,
          shop, shop, nicolae_shop_stone, minmay_misc_feat_cross,
          glass_columns_b, due_unseen_surprise
D:4:      layout_layer_cave, uniq_duvessa
D:5:      layout_loops_corners, nicolae_tso_carved_into_rock
D:6:      layout_basic, minmay_misc_feat_four_crosses, chequers_jeans
D:7:      layout_gridville, minmay_temple_entry_tees, enter_bailey_5,
          uniq_joseph
D:8:      layout_loops_corners, minivault_27, grunt_decor_arrowhead

Skill      XL: |  1  2  3  4  5  6  7 |
---------------+----------------------+-----
Dodging        | 2 3 4 5 6 7 8 |  8.0
Spellcasting   | 3 |  3.8
Transmutations | 3 |  3.7
Fighting       | |  0.8
Unarmed Combat | |  2.6
Earth Magic    | |  0.6

Action                   |  1- 3 |  4- 6 |  7- 9 || total
-------------------------+-------+-------+-------++-------
Melee: Unarmed           |   169 |   114 |   176 ||   459
       Kick              |    20 |     5 |    22 ||    47
       Headbutt          |     8 |     5 |    14 ||    27
       Punch             |     2 |       |       ||     2
 Cast: Beastly Appendage |    23 |     5 |    12 ||    40
       Spider Form       |     5 |    15 |     8 ||    28
       Ice Form          |       |       |     1 ||     1
  Use: Scroll            |     2 |     3 |     3 ||     8
 Stab: Sleeping          |     3 |       |       ||     3
Armor: Robe              |    40 |     9 |    34 ||    83
       Skin              |     2 |     8 |     4 ||    14
Dodge: Dodged            |   158 |   138 |   232 ||   528

Table legend: (Time is in decaauts)
 A = Elapsed time spent in this place.
 B = Non-inter-level travel time spent in this place.
 C = Inter-level travel time spent in this place.
 D = Time resting spent in this place.
 E = Time spent auto-exploring this place.
 F = Levels seen in this place.
 G = Mean time per level.
                   A        B        C        D        E       F      G
               +--------+--------+--------+--------+--------+-----+--------+
         Total |   8432 |   8272 |    160 |   2747 |   4019 |   9 |  936.9 |
       Dungeon |   8312 |   8152 |    160 |   2725 |   3994 |   8 | 1039.0 |
        Bailey |    119 |    119 |      0 |     22 |     25 |   1 |  119.0 |
               +--------+--------+--------+--------+--------+-----+--------+

Top non-repeatable levels by time:
     D:4: 2264 daAuts
     D:2: 1558 daAuts
     D:3: 1456 daAuts
     D:1: 1126 daAuts
     D:5: 1035 daAuts
     D:6: 510 daAuts
     D:7: 226 daAuts
     D:8: 135 daAuts
  Bailey: 119 daAuts
